 Dungeon Crawl Stone Soup version 0.28-a0-245-g639a1a48b9 (webtiles) character file.

Game seed: 2317302922444982781

18 rabbitsville the Poker (level 2, -2/23 HPs)
             Began as a Merfolk Gladiator on Aug 25, 2021.
             Slain by a necrophage (3 damage)
             ... on level 4 of the Dungeon.
             The game lasted 00:03:42 (868 turns).

rabbitsville the Poker (Merfolk Gladiator)           Turns: 868, Time: 00:03:43

Health: -2/23      AC:  4    Str: 14    XL:     2   Next: 70%
Magic:  2/2        EV: 13    Int:  7    God:
Gold:   55         SH:  0    Dex: 15    Spells: 1/1 levels left

rFire   . . .      SeeInvis .   a - +1 trident
rCold   . . .      Faith    .   (no shield)
rNeg    . . .      Spirit   .   b - +0 leather armour
rPois   .          Reflect  .   c - +0 helmet
rElec   .          Harm     .   (no cloak)
rCorr   .          Rampage  .   (no gloves)
Will    .....                   (no boots)
Stlth   +.........              (no amulet)
HPRegen 0.07/turn               (no ring)
MPRegen 0.08/turn               (no ring)

@: no status effects
A: (nimble swimmer 2), mertail
a: no special abilities


You were on level 4 of the Dungeon.
You visited 1 branch of the dungeon, and saw 3 of its levels.

You collected 55 gold pieces.

Inventory:

Hand Weapons
 a - a +1 trident (weapon)
Missiles
 d - 3 throwing nets
 h - 17 poisoned darts (quivered)
Armour
 b - a +0 leather armour (worn)
 c - a +0 helmet (worn)
Potions
 e - a potion of haste {unknown}
 f - a potion of attraction {unknown}


   Skills:
 + Level 2.6 Fighting
 * Level 5.3 Polearms
 - Level 2.0 Throwing
 - Level 4.0 Dodging


You had one spell level left.
You didn't know any spells.
Your spell library was empty.

Dungeon Overview and Level Annotations

Branches:
Dungeon (2/15)

Altars:


Innate Abilities, Weirdness & Mutations

((You are quick and stealthy near water. (Stealth+, EV+, Speed+++)))
Your lower body shifts to a powerful aquatic tail in water.


Message History

Found a robe.
Found a runed helmet.
A kobold comes into view. It is wielding a +0 short sword.
The kobold shouts!
A ball python comes into view.
As you read the scroll labelled EQOONI URUKERGH, it crumbles to dust.
It is a scroll of enchant weapon.
Your +0 trident glows red for a moment.
You closely miss the necrophage.
The ball python hisses angrily.
The necrophage closely misses you.
You hit the necrophage.
The necrophage is lightly damaged.
The necrophage misses you. The kobold closely misses you.
The iguana misses you.
You barely miss the necrophage.
The necrophage is lightly damaged.
The necrophage barely misses you.
The kobold hits you with a +0 short sword.
The iguana bites you! The necrophage closely misses you.
The kobold hits you with a +0 short sword.
* * * LOW HITPOINT WARNING * * *
The ball python misses you. The ball python grabs you.
The ball python constricts you.
The ball python's grasp on you weakens, but your attempt to escape fails.
The necrophage completely misses you.
The kobold hits you with a +0 short sword.
* * * LOW HITPOINT WARNING * * *
The ball python completely misses you. The ball python constricts you.
The iguana barely misses you.
You escape the ball python's grasp.
The ball python bites you but does no damage.
The ball python closely misses you. The necrophage hits you.
* * * LOW HITPOINT WARNING * * *
The kobold barely misses you.
The iguana bites you but does no damage.
The necrophage hits you.
You die...

#.........(.....n.........
#.##+####.########........
##.........#######<........
#......###.................
##>....+......w..#.........
##....# #............(....
###+## ##......##........
#.##l.....##........
#..@n.....##........
#......KS..#.# .......
####.##.##...# ...[.
#....##[..# ...#......#
.....###...# .... # #.#.#
###


You could see a necrophage, a worm, an iguana, a ball python and a kobold.

Vanquished Creatures
  A dart slug (D:1)
  2 endoplasms (D:1)
  A giant cockroach (D:2)
  A hobgoblin (D:1)
  2 quokkas (D:1)
  2 ball pythons (D:1)
  A bat (D:1)
  A frilled lizard (D:1)
  2 goblins (D:1)
  2 kobolds (D:1)
  2 rats (D:1)
17 creatures vanquished.

Notes
Turn   | Place    | Note
-------+----------+-------------------------------------------
     0 | D:1      | rabbitsville the Merfolk Gladiator began the quest for the
                  | Orb.
     0 | D:1      | Reached XP level 1. HP: 16/16 MP: 1/1
   128 | D:1      | Reached skill level 5 in Polearms
   128 | D:1      | Reached XP level 2. HP: 12/23 MP: 2/2
   827 | D:2      | You fall into a shaft and drop 2 floors!
   841 | D:4      | Noticed a necrophage
   867 | D:4      | HP: 1/23 [necrophage (3)]
   868 | D:4      | Slain by a necrophage

Illustrated notes

Levels and vault maps discovered:
D:1:      dpeg_arrival_rhombi, layout_rooms
D:2:      layout_loops_ring, item_on_display_b
D:4:      cheibrodos_fertilizer, layout_basic,
          minmay_temple_entry_statues_pillars, portal_sewer_entry_f,
          lexackson_kobold_supper

Skill      XL: |  1 |
---------------+----+-----
Polearms       | 5 |  5.3
Fighting       | |  2.6
Throwing       | |  2.0
Dodging        | |  4.0

Action                   || total
-------------------------++-------
Melee: Trident           ||    63
Throw: Dart              ||     9
  Use: Scroll            ||     1
Armor: Leather armour    ||    12
Dodge: Dodged            ||    34

Table legend: (Time is in decaauts)
 A = Elapsed time spent in this place.
 B = Non-inter-level travel time spent in this place.
 C = Inter-level travel time spent in this place.
 D = Time resting spent in this place.
 E = Time spent auto-exploring this place.
 F = Levels seen in this place.
 G = Mean time per level.
                   A        B        C        D        E       F      G
               +--------+--------+--------+--------+--------+-----+--------+
         Total |    869 |    869 |      0 |    130 |    426 |   3 |  289.7 |
       Dungeon |    869 |    869 |      0 |    130 |    426 |   3 |  289.7 |
               +--------+--------+--------+--------+--------+-----+--------+

Top non-repeatable levels by time:
     D:1: 757 daAuts
     D:2: 71 daAuts
     D:4: 40 daAuts
